PCL
SANTA MONICA BRUINS @ TEXARKANA BEARS
07/18/2028
 
TOP OF THE 1ST
Santa Monica Bruins batting - Pitching for Texarkana Bears : RHP Alberto Márquez
Pitching: RHP Alberto Márquez
Batting: LHB Francisco Medina 0-0: Ball
1-0: Called Strike
1-1: Ball
2-1: Foul Ball, location: 2F
2-2: Strikes out looking
Batting: RHB Alfredo López 0-0: Called Strike
0-1: Swinging Strike
0-2: Ball
1-2: SINGLE (Flyball, 9LS)
Batting: LHB Brent Alonzo 0-0: Ball
1-0: Ball
2-0: Foul Ball, location: 2F
2-1: Ground out 3-1 (Groundball, 3L)
Alfredo López to second
Batting: RHB Roberto Cruz 0-0: Ball
1-0: Foul Ball, location: 2F
1-1: Swinging Strike
1-2: Ball
2-2: Ball
3-2: Fly out, F7 (Flyball, 7)
Top of the 1st over - 0 run(s), 1 hit(s), 0 error(s), 1 left on base; Santa Monica 0 - Texarkana 0
BOTTOM OF THE 1ST
Texarkana Bears batting - Pitching for Santa Monica Bruins : LHP Andrew Caine
Pitching: LHP Andrew Caine
Batting: RHB Sadao Kimura 0-0: Foul Ball, location: 2F
0-1: Foul Ball, location: 2F
0-2: Ball
1-2: Foul Ball, location: 2F
1-2: Ball
2-2: Strikes out looking
Batting: RHB Tony Reyes 0-0: Ground out 6-3 (Groundball, 6)
Batting: RHB Billy Campbell 0-0: Called Strike
0-1: Swinging Strike
0-2: Foul Ball, location: 2F
0-2: Ball
1-2: Ball
2-2: Ball
3-2: Strikes out looking
Bottom of the 1st over - 0 run(s), 0 hit(s), 0 error(s), 0 left on base; Santa Monica 0 - Texarkana 0
TOP OF THE 2ND
Santa Monica Bruins batting - Pitching for Texarkana Bears : RHP Alberto Márquez
Batting: LHB Ethan Shaw 0-0: Ball
1-0: Ball
2-0: Ground out 5-3 (Groundball, 5S)
Batting: RHB Guo-xiu Choi 0-0: SINGLE (Line Drive, 6M)
Batting: RHB Luis Martínez 0-0: Called Strike
0-1: Ball
1-1: Grounds into double play, 5-4-3 (Groundball, 56)
Top of the 2nd over - 0 run(s), 1 hit(s), 0 error(s), 0 left on base; Santa Monica 0 - Texarkana 0
BOTTOM OF THE 2ND
Texarkana Bears batting - Pitching for Santa Monica Bruins : LHP Andrew Caine
Batting: RHB Michael Barraclough 0-0: Ball
1-0: Ball
2-0: Ground out 5-3 (Groundball, 56S)
Batting: LHB Sam Barnes 0-0: Called Strike
0-1: SINGLE (Flyball, 8RS)
Batting: LHB Tom Mullins 0-0: Called Strike
0-1: Ball
1-1: Swinging Strike
1-2: Strikes out swinging
Sam Barnes steals 2nd base
Batter strikes out.
Batting: RHB Arturo Rodríguez 0-0: Ball
1-0: Called Strike
1-1: Foul Ball, location: 2F
1-2: Ball
2-2: Ball
3-2: Strikes out swinging
Bottom of the 2nd over - 0 run(s), 1 hit(s), 0 error(s), 1 left on base; Santa Monica 0 - Texarkana 0
TOP OF THE 3RD
Santa Monica Bruins batting - Pitching for Texarkana Bears : RHP Alberto Márquez
Batting: RHB Fletcher Reed 0-0: Foul Ball, location: 2F
0-1: Ball
1-1: Ball
2-1: Foul Ball, location: 2F
2-2: Strikes out looking
Batting: RHB Bonifacio Torres 0-0: SINGLE (Line Drive, 6)
Batting: LHB Francisco Medina 0-0: Ball
1-0: Ball
2-0: Called Strike
2-1: Ball
3-1: Base on Balls
Bonifacio Torres to second
Batting: RHB Alfredo López 0-0: Ball
1-0: Called Strike
1-1: SINGLE (Line Drive, 89S)
Bonifacio Torres to third
Francisco Medina to second
Batting: LHB Brent Alonzo 0-0: Ball
1-0: Fly out, F2 (Popup, 5S)
Batting: RHB Roberto Cruz 0-0: Ground out 6-3 (Groundball, 6M)
Top of the 3rd over - 0 run(s), 2 hit(s), 0 error(s), 3 left on base; Santa Monica 0 - Texarkana 0
BOTTOM OF THE 3RD
Texarkana Bears batting - Pitching for Santa Monica Bruins : LHP Andrew Caine
Batting: RHB Steve Garneys 0-0: Called Strike
0-1: Ball
1-1: Foul Ball, location: 2F
1-2: Strikes out swinging
Batting: RHB Kun Liu 0-0: Ball
1-0: Ball
2-0: Fly out, F7 (Flyball, 7)
Batting: RHB Sadao Kimura 0-0: Ball
1-0: Called Strike
1-1: Fly out, F8 (Line Drive, 8RS)
Bottom of the 3rd over - 0 run(s), 0 hit(s), 0 error(s), 0 left on base; Santa Monica 0 - Texarkana 0
TOP OF THE 4TH
Santa Monica Bruins batting - Pitching for Texarkana Bears : RHP Alberto Márquez
Batting: LHB Ethan Shaw 0-0: Ball
1-0: Ball
2-0: Fly out, F2 (Popup, 2L)
Batting: RHB Guo-xiu Choi 0-0: Called Strike
0-1: Ball
1-1: Swinging Strike
1-2: Ball
2-2: Ground out 4-3 (Groundball, 4M)
Batting: RHB Luis Martínez 0-0: Called Strike
0-1: Ball
1-1: Ball
2-1: Foul Ball, location: 2F
2-2: Strikes out swinging
Top of the 4th over - 0 run(s), 0 hit(s), 0 error(s), 0 left on base; Santa Monica 0 - Texarkana 0
BOTTOM OF THE 4TH
Texarkana Bears batting - Pitching for Santa Monica Bruins : LHP Andrew Caine
Batting: RHB Tony Reyes 0-0: Swinging Strike
0-1: Swinging Strike
0-2: Ball
1-2: Foul Ball, location: 2F
1-2: SOLO HOME RUN (Flyball, 7D), Distance : 407 ft
Batting: RHB Billy Campbell 0-0: Ball
1-0: Ball
2-0: Called Strike
2-1: SINGLE (Line Drive, 4D)
Batting: RHB Michael Barraclough 0-0: Ball
1-0: Called Strike
1-1: Ball
2-1: Called Strike
2-2: Ball
3-2: Strikes out looking
Batting: LHB Sam Barnes 0-0: Ball
1-0: Ball
Passed Ball!
Billy Campbell to second
2-0: Foul Ball, location: 2F
2-1: Ground out 4-3 (Groundball, 4)
Billy Campbell to third
Batting: LHB Tom Mullins 0-0: Called Strike
0-1: Swinging Strike
0-2: Strikes out swinging
Bottom of the 4th over - 1 run(s), 2 hit(s), 0 error(s), 1 left on base; Santa Monica 0 - Texarkana 1
TOP OF THE 5TH
Santa Monica Bruins batting - Pitching for Texarkana Bears : RHP Alberto Márquez
Batting: RHB Fletcher Reed 0-0: Hit by Pitch
Batting: RHB Bonifacio Torres 0-0: Called Strike
0-1: Ball
1-1: Ball
2-1: Ball
3-1: Fielders Choice at 2nd, 1-6 (Groundball, 13S)
Batting: LHB Francisco Medina 0-0: Foul Ball, location: 2F
0-1: Ball
1-1: Ball
2-1: Ball
3-1: Called Strike
3-2: Fielders Choice at 2nd, 4-6 (Groundball, 4D)
Batting: RHB Alfredo López 0-0: Ball
1-0: Ball
2-0: Foul Ball, location: 2F
2-1: Ground out U3 (Groundball, 3)
Top of the 5th over - 0 run(s), 0 hit(s), 0 error(s), 1 left on base; Santa Monica 0 - Texarkana 1
BOTTOM OF THE 5TH
Texarkana Bears batting - Pitching for Santa Monica Bruins : LHP Andrew Caine
Batting: RHB Arturo Rodríguez 0-0: Called Strike
0-1: Ground out 6-3 (Groundball, 6)
Batting: RHB Steve Garneys 0-0: Called Strike
0-1: Ball
1-1: Ball
2-1: Foul Ball, location: 2F
2-2: Strikes out swinging
Batting: RHB Kun Liu 0-0: Ground out 5-3 (Groundball, 56S)
Bottom of the 5th over - 0 run(s), 0 hit(s), 0 error(s), 0 left on base; Santa Monica 0 - Texarkana 1
TOP OF THE 6TH
Santa Monica Bruins batting - Pitching for Texarkana Bears : RHP Alberto Márquez
Batting: LHB Brent Alonzo 0-0: Ball
1-0: Called Strike
1-1: Swinging Strike
1-2: Ball
2-2: Strikes out swinging
Batting: RHB Roberto Cruz 0-0: Called Strike
0-1: Ball
1-1: Ball
2-1: Called Strike
2-2: Ball
3-2: Foul Ball, location: 2F
3-2: Fly out, F9 (Flyball, 9S)
Batting: LHB Ethan Shaw 0-0: Fly out, F4 (Line Drive, 4)
Top of the 6th over - 0 run(s), 0 hit(s), 0 error(s), 0 left on base; Santa Monica 0 - Texarkana 1
BOTTOM OF THE 6TH
Texarkana Bears batting - Pitching for Santa Monica Bruins : LHP Andrew Caine
Batting: RHB Sadao Kimura 0-0: Ball
1-0: Ball
2-0: Ball
3-0: Base on Balls
Batting: RHB Tony Reyes 0-0: Ball
1-0: Ball
2-0: Called Strike
2-1: Foul Ball, location: 2F
2-2: Strikes out looking
Batting: RHB Billy Campbell 0-0: Foul Ball, location: 2F
0-1: Ball
1-1: Ball
2-1: Fly out, F8 (Flyball, 8RD)
Batting: RHB Michael Barraclough 0-0: Called Strike
0-1: Ball
1-1: Fly out, F8 (Flyball, 8RS)
Bottom of the 6th over - 0 run(s), 0 hit(s), 0 error(s), 1 left on base; Santa Monica 0 - Texarkana 1
TOP OF THE 7TH
Santa Monica Bruins batting - Pitching for Texarkana Bears : RHP Alberto Márquez
Batting: RHB Guo-xiu Choi 0-0: Ball
1-0: SINGLE (Flyball, 8LS)
Batting: RHB Luis Martínez 0-0: Ball
1-0: Grounds into double play, 6-4-3 (Groundball, 56)
Batting: RHB Fletcher Reed 0-0: Called Strike
0-1: Ball
1-1: Ground out 5-3 (Groundball, 56)
Top of the 7th over - 0 run(s), 1 hit(s), 0 error(s), 0 left on base; Santa Monica 0 - Texarkana 1
BOTTOM OF THE 7TH
Texarkana Bears batting - Pitching for Santa Monica Bruins : LHP Andrew Caine
Batting: LHB Sam Barnes 0-0: Called Strike
0-1: Called Strike
0-2: Ball
1-2: Strikes out swinging
Batting: LHB Tom Mullins 0-0: Fly out, F9 (Line Drive, 9)
Batting: RHB Arturo Rodríguez 0-0: Foul Ball, location: 2F
0-1: Ball
1-1: Ground out 6-3 (Groundball, 6)
Bottom of the 7th over - 0 run(s), 0 hit(s), 0 error(s), 0 left on base; Santa Monica 0 - Texarkana 1
TOP OF THE 8TH
Santa Monica Bruins batting - Pitching for Texarkana Bears : RHP Alberto Márquez
Batting: RHB Bonifacio Torres 0-0: Swinging Strike
0-1: Ball
1-1: Foul Ball, location: 2F
1-2: Foul Ball, location: 2F
1-2: Fly out, F6 (Line Drive, 56)
Batting: LHB Francisco Medina 0-0: Ground out 4-3 (Groundball, 4)
Batting: RHB Alfredo López 0-0: Foul Ball, location: 2F
0-1: Called Strike
0-2: Ball
1-2: Ball
2-2: Reached on error, E4 (Popup, 4)
Pitching: RHP Kosami Tagawa
Batting: LHB Brent Alonzo 0-0: Called Strike
0-1: Fly out, F7 (Flyball, 7D)
Top of the 8th over - 0 run(s), 0 hit(s), 1 error(s), 1 left on base; Santa Monica 0 - Texarkana 1
BOTTOM OF THE 8TH
Texarkana Bears batting - Pitching for Santa Monica Bruins : LHP Andrew Caine
Batting: RHB Steve Garneys 0-0: DOUBLE (Line Drive, 78M)
Pinch Hitting: RHB Keith Ford 0-0: Intentional Walk
Pinch Hitting: RHB Lu-fang Huie 0-0: Ground out 6-3 (Groundball, 56)
Steve Garneys to third
Keith Ford to second
Batting: RHB Tony Reyes 0-0: Ball
1-0: Foul Ball, location: 2F
1-1: Swinging Strike
1-2: Ground out 6-3 (Groundball, 6)
Pitching: RHP Martín Ortíz
Batting: RHB Billy Campbell 0-0: Ball
1-0: Swinging Strike
1-1: Called Strike
1-2: Strikes out swinging
Bottom of the 8th over - 0 run(s), 1 hit(s), 0 error(s), 2 left on base; Santa Monica 0 - Texarkana 1
TOP OF THE 9TH
Santa Monica Bruins batting - Pitching for Texarkana Bears : RHP Kosami Tagawa
Pitching: RHP Asher Zasko
Now at C: Alberto Medine
Now at 2B: Cam Flowers
Now in LF: Lu-fang Huie
Batting: RHB Roberto Cruz 0-0: SINGLE (Flyball, 6MD)
Pinch Hitting: LHB Noriaki Sangi 0-0: Foul Ball, location: 2F
0-1: Ball
1-1: Ball
2-1: Foul Ball, location: 2F
2-2: Foul Ball, location: 2F
2-2: 2-RUN HOME RUN (Flyball, 9LD), Distance : 365 ft
Batting: RHB Guo-xiu Choi 0-0: Ball
1-0: SINGLE (Groundball, 6MD)
Batting: RHB Luis Martínez 0-0: Ball
1-0: Ball
2-0: Called Strike
2-1: Ball
3-1: Called Strike
3-2: Foul Ball, location: 2F
3-2: Foul Ball, location: 2F
3-2: Strikes out swinging
Pinch Hitting: RHB Pablo Peña 0-0: Ball
1-0: Called Strike
1-1: Foul Ball, location: 2F
1-2: Foul Ball, location: 2F
1-2: Grounds into double play, 6-4-3 (Groundball, 6)
Top of the 9th over - 2 run(s), 3 hit(s), 0 error(s), 0 left on base; Santa Monica 2 - Texarkana 1
BOTTOM OF THE 9TH
Texarkana Bears batting - Pitching for Santa Monica Bruins : RHP Martín Ortíz
Pitching: RHP Keith Harper
Now at 3B: Armando Colón
Now in RF: Marty Hendrickson
Batting: RHB Michael Barraclough 0-0: Ball
1-0: Foul Ball, location: 2F
1-1: Foul Ball, location: 2F
1-2: Fly out, F8 (Flyball, 89M)
Batting: LHB Sam Barnes 0-0: Called Strike
0-1: Ball
1-1: Foul Ball, location: 2F
1-2: Foul Ball, location: 2F
1-2: SINGLE (Flyball, 8RS)
Batting: LHB Tom Mullins 0-0: Ball
1-0: Ball
2-0: Ball
3-0: Base on Balls
Sam Barnes to second
Pinch Hitting: LHB Mark Thomas 0-0: Foul Ball, location: 2F
0-1: Called Strike
0-2: Foul Ball, location: 2F
0-2: Ball
1-2: Fly out, F6 (Flyball, 6MD)
Batting: RHB Steve Garneys 0-0: Called Strike
0-1: Ball
1-1: Swinging Strike
1-2: Ball
2-2: Fly out, F9 (Flyball, 9LMF)
Bottom of the 9th over - 0 run(s), 1 hit(s), 0 error(s), 2 left on base; Santa Monica 2 - Texarkana 1
Tuesday, August 8th, 2017 - OOTP Baseball 17.12 Build 75